Map: Year Zero LE

Players

Bundaberg - Winner!

  • Race: Zerg Zerg
  • League: Master
  • Spawn Location: 1:00

Neutrals

  • Race: Zerg Zerg
  • Spawn Location: 11:00

VOD

Have the link to the VOD?

Description

Time

  • Played on: Feb. 1, 2019, 12:36 a.m.
  • Length: 13:09
Show
View Real Time Build Order
Export as new Build Order

Bundaberg Zerg - Winner!

Build Orders: Pool First 

Get SALT Encoding   

  12  0:20  Spawning Pool  
  11  0:23  Drone  
  11  0:28  Drone  
  13  0:35  Drone  
  14  0:44  Overlord  
  14  1:07  Zergling x2  
  14  1:08  Zergling x4  
  17  1:20  Zergling x2  
  17  1:24  Hatchery  
  17  1:33  Zergling x2  
  17  1:37  Queen  
  20  1:44  Zergling x2  
  21  1:55  Overlord  
  21  2:05  Drone  
  22  2:13  Queen  
  24  2:19  Drone  
  25  2:29  Drone  
  22  2:47  Drone x5  
  22  2:49  Queen  
  28  2:56  Queen  
  29  3:08  Drone x2  
  29  3:09  Drone x2  
  33  3:14  Spine Crawler  
  32  3:25  Queen  
  34  3:29  Drone  
  34  3:30  Drone  
  36  3:45  Overlord x2  
  36  3:49  Extractor  
  36  3:51  Extractor  
  36  3:52  Drone x2  
  36  4:03  Drone x3  
  39  4:14  Drone x3  
  42  4:24  Drone  
  42  4:25  Drone x3  
  46  4:36  Drone x2  
  48  4:41  Extractor  
  48  4:42  Overlord  
  48  4:43  Drone  
  48  4:44  Drone x3  
  51  4:46  Lair  
  51  4:54  Evolution Chamber  
  51  4:59  Roach Warren  
  49  5:03  Drone x5, Evolution Chamber  
  53  5:11  Overlord  
  53  5:12  Overlord  
  53  5:16  Extractor  
  53  5:18  Drone x3  
  55  5:21  Zerg Missile Weapons Level 1  
  55  5:22  Overlord  
  55  5:25  Overlord  
  55  5:32  Zerg Ground Armor Level 1  
  55  5:38  Overlord x2  
  55  5:42  Roach  
  61  5:43  Roach x2  
  61  5:44  Glial Reconstitution  
  61  5:49  Overseer  
  61  5:53  Roach x2  
  65  6:09  Roach x7  
  79  6:25  Roach  
  81  6:26  Roach x4  
  89  6:42  Roach  
  89  6:43  Roach x4  
  99  6:47  Overlord  
  99  7:00  Overlord x2  
  99  7:07  Hatchery  
  99  7:08  Roach x5  
  108  7:11  Overlord  
  108  7:21  Roach x2  
  108  7:22  Zerg Missile Weapons Level 2  
  112  7:32  Roach x7  
  126  7:39  Zerg Ground Armor Level 2  
  126  7:50  Roach  
  126  7:51  Roach x2  
  132  7:53  Overlord  
  132  7:59  Overseer  
  132  8:02  Overlord  
  132  8:03  Overlord  
  132  8:06  Overlord  
  132  8:16  Roach x4  
  140  8:30  Roach  
  140  8:31  Roach x5  
  142  8:48  Roach  
  142  8:49  Roach x6  
  142  8:52  Roach  
  128  9:03  Roach  
  128  9:04  Roach x2  
  134  9:16  Drone  
  134  9:17  Drone x7  
  140  9:22  Tunneling Claws  
  140  9:23  Burrow  
  100  9:46  Roach x11  
  122  9:56  Roach x4  
  130  10:05  Roach  
  130  10:06  Roach  
  134  10:16  Roach  
  134  10:17  Roach x2  
  140  10:25  Overlord x2  
  140  10:26  Roach  
  140  10:27  Roach x6  
  154  10:42  Overlord x2  
  154  10:50  Roach  
  154  10:51  Roach x3  
  150  11:06  Roach  
  150  11:07  Roach x11  
  150  11:11  Roach x7  
  122  11:23  Roach  
  122  11:24  Roach x5  
  112  11:35  Roach  
  112  11:36  Roach x2  
  112  11:46  Roach x3  
  105  11:54  Queen  
  105  11:56  Roach  
  105  11:57  Roach x2  
  113  12:05  Roach  
  113  12:06  Roach  
  115  12:09  Roach  
  113  12:21  Roach  
  113  12:22  Roach x4  
  115  12:30  Hatchery  
  115  12:36  Roach  
  115  12:37  Roach x7  
Show
View Real Time Build Order
Export as new Build Order

Neutrals Zerg 

Build Orders: Pool First 

Get SALT Encoding   

  12  0:01  Drone  
  13  0:13  Overlord  
  14  0:21  Drone  
  14  0:31  Drone x2  
  14  0:34  Drone  
  17  0:52  Drone  
  17  0:53  Spawning Pool  
  17  1:11  Hatchery  
  17  1:14  Drone  
  17  1:17  Drone  
  18  1:31  Extractor  
  17  1:34  Drone x2  
  19  1:40  Zergling x2  
  19  1:41  Queen  
  22  1:50  Overlord  
  22  2:08  Zergling x2  
  22  2:14  Zergling x2  
  23  2:22  Zergling x2  
  24  2:25  Zergling x2  
  24  2:35  Zergling x4  
  24  2:41  Metabolic Boost  
  24  2:43  Zergling x2  
  24  2:45  Zergling x2  
  24  2:50  Drone x2  
  27  2:54  Drone  
  27  2:57  Drone  
  29  2:59  Drone  
  30  3:11  Overlord  
  30  3:23  Overlord  
  30  3:25  Overlord  
  30  3:29  Drone x2  
  30  3:30  Drone  
  33  3:38  Drone  
  33  3:39  Drone  
  34  3:49  Drone  
  34  3:50  Drone  
  36  4:00  Drone  
  36  4:01  Evolution Chamber x2  
  36  4:02  Drone, Roach Warren  
  35  4:10  Queen  
  35  4:15  Drone x2  
  39  4:22  Drone x2  
  41  4:25  Drone  
  41  4:27  Drone  
  41  4:28  Drone  
  44  4:32  Drone  
  44  4:33  Drone  
  44  4:37  Lair  
  46  4:41  Zerg Missile Weapons Level 1  
  46  4:47  Zerg Ground Armor Level 1  
  46  4:52  Spore Crawler, Drone, Extractor  
  45  4:54  Drone  
  45  4:56  Extractor  
  45  4:57  Spore Crawler  
  44  5:03  Drone x2  
  44  5:06  Drone x2  
  47  5:15  Drone  
  47  5:16  Drone  
  47  5:20  Drone  
  50  5:21  Drone  
  50  5:23  Overlord  
  50  5:26  Overlord  
  51  5:30  Overlord  
  51  5:36  Extractor, Glial Reconstitution  
  51  5:38  Overlord  
  51  5:39  Overlord  
  51  5:40  Queen  
  52  5:47  Drone  
  54  5:50  Drone  
  54  5:55  Roach  
  54  5:56  Roach x2  
  60  5:57  Spine Crawler  
  60  6:00  Roach  
  60  6:01  Roach  
  63  6:09  Queen  
  65  6:13  Roach x2  
  69  6:23  Roach x2  
  69  6:24  Roach x2  
  69  6:25  Roach  
  79  6:30  Roach  
  81  6:35  Roach  
  83  6:41  Zerg Missile Weapons Level 2  
  83  6:42  Overlord  
  83  6:48  Zerg Ground Armor Level 2  
  83  6:54  Overlord  
  83  6:57  Pneumatized Carapace  
  83  7:00  Overlord  
  83  7:01  Drone  
  83  7:04  Drone  
  83  7:06  Drone  
  86  7:18  Roach  
  86  7:21  Roach  
  86  7:22  Hatchery  
  89  7:25  Roach  
  89  7:26  Roach  
  89  7:29  Roach  
  95  7:32  Roach  
  95  7:34  Roach  
  99  7:37  Roach  
  99  7:40  Overlord  
  101  7:45  Roach x2  
  101  7:48  Roach  
  107  7:58  Overlord x3  
  107  8:00  Overlord  
  107  8:04  Roach  
  109  8:06  Roach  
  109  8:09  Roach  
  109  8:12  Roach  
  115  8:18  Roach x2  
  115  8:19  Roach  
  121  8:21  Roach  
  121  8:23  Roach  
  121  8:25  Ravager x2  
  121  8:26  Ravager  
  128  8:30  Roach  
  128  8:32  Roach  
  128  8:34  Roach  
  134  8:36  Roach  
  134  8:41  Drone x2  
  137  8:45  Roach  
  137  8:47  Roach  
  133  8:49  Roach  
  133  8:52  Roach  
  117  8:56  Roach  
  117  8:59  Roach  
  117  9:02  Roach  
  111  9:05  Roach  
  111  9:09  Roach x2  
  117  9:11  Ravager x2  
  117  9:13  Ravager x2  
  117  9:15  Roach  
  123  9:18  Ravager  
  123  9:19  Roach  
  123  9:21  Roach  
  123  9:23  Roach  
  130  9:28  Roach x2  
  130  9:30  Drone  
  129  9:32  Roach  
  129  9:34  Roach  
  129  9:37  Roach  
  133  9:40  Roach  
  133  9:44  Roach x2  
  133  9:46  Roach  
  133  9:48  Roach  
  133  9:50  Ravager x2  
  133  9:51  Drone  
  140  9:53  Drone x2  
  140  9:55  Drone  
  140  9:58  Drone  
  144  10:00  Drone, Extractor  
  144  10:01  Extractor  
  144  10:04  Roach  
  144  10:05  Ravager  
  144  10:06  Roach  
  148  10:08  Roach  
  150  10:14  Roach x2  
  150  10:16  Overlord  
  154  10:22  Overlord x2  
  154  10:33  Overlord x2  
  154  10:34  Overlord x2  
  154  10:37  Roach, Ravager  
  159  10:43  Roach x2  
  159  10:44  Roach  
  159  10:46  Roach  
  159  10:49  Roach  
  162  10:51  Roach  
  162  10:55  Roach  
  163  10:59  Roach  
  163  11:00  Roach  
  144  11:05  Roach  
  144  11:08  Roach  
  122  11:11  Roach  
  122  11:13  Roach  
  122  11:16  Roach  
  115  11:19  Roach  
  115  11:22  Overseer  
  115  11:24  Roach  
  109  11:29  Roach  
  103  11:33  Roach  
  103  11:35  Roach  
  96  11:41  Roach  
  96  11:45  Roach  
  96  11:46  Roach  
  90  11:49  Roach  
  90  11:53  Roach  
  75  11:58  Roach  
  68  12:05  Roach  
  68  12:11  Roach  
  68  12:18  Roach  
  68  12:22  Roach  
  72  12:24  Ravager  
  72  12:25  Ravager  
  72  12:27  Ravager x2  
  76  12:32  Roach  
  80  12:37  Roach  
  80  12:41  Roach  
  82  12:47  Roach  
Tags
 
League
Master
Matchup
ZvZ
Race
Zerg
Spawn Locations
Close Positions
Add a new tag
Caveats
  • Supply blocks, unpowered buildings, or Contaminate may cause inaccurate times.
  • Supply counts are checked every 10 seconds.